Map: Еонсу РВ

Players

Murena - Winner!

  • Race: Terran Terran
  • Spawn Location: 1:00

ИИ 1 (эксперт)

  • Race: Protoss Protoss
  • Spawn Location: 7:00

VOD

Have the link to the VOD?

Description

Time

  • Played on: March 30, 2019, 3:11 p.m.
  • Length: 21:26
Show
View Real Time Build Order
Export as new Build Order

Murena Terran - Winner!

Build Orders: 1/1/1 

Get SALT Encoding   

  12  0:01  SCV  
  13  0:13  SCV  
  14  0:18  Supply Depot  
  14  0:26  SCV  
  15  0:34  Refinery  
  15  0:42  Barracks  
  15  0:46  SCV  
  16  0:59  SCV  
  17  1:04  Refinery  
  17  1:11  SCV  
  18  1:20  Supply Depot  
  18  1:24  SCV  
  19  1:28  Marine  
  20  1:36  Factory  
  20  1:38  SCV  
  21  1:47  Marine  
  21  1:51  SCV  
  23  2:04  SCV  
  23  2:05  Marine  
  25  2:17  SCV  
  25  2:21  Starport  
  26  2:23  Marine  
  27  2:32  SCV, Starport  
  28  2:39  Hellion  
  28  2:42  Barracks Reactor  
  30  2:57  Starport Tech Lab  
  30  3:01  Fusion Core  
  30  3:06  Orbital Command  
  30  3:08  Starport Tech Lab  
  30  3:19  Supply Depot  
  30  3:35  Supply Depot  
  30  3:37  SCV  
  31  3:51  Battlecruiser  
  31  3:55  Marine x2  
  39  4:09  Supply Depot  
  39  4:18  Marine  
  39  4:19  Marine  
  41  4:31  Hellion  
  41  4:33  SCV  
  41  4:37  Marine  
  45  4:38  Marine  
  46  4:46  Battlecruiser  
  52  4:53  Hellion  
  52  4:56  Bunker  
  54  5:00  SCV, Supply Depot  
  55  5:10  Supply Depot  
  55  5:18  Barracks  
  55  5:23  Factory Tech Lab  
  55  5:25  Marine  
  55  5:26  Reaper  
  57  5:45  Marine  
  57  5:48  Hellion  
  57  5:49  SCV  
  61  5:55  Battlecruiser  
  67  5:59  Marine  
  68  6:04  Marine  
  68  6:07  Barracks Tech Lab  
  68  6:10  Supply Depot  
  71  6:11  Hellion  
  71  6:23  Engineering Bay  
  71  6:26  Combat Shield  
  71  6:29  Engineering Bay  
  71  6:33  Supply Depot  
  71  6:34  Marine x2  
  71  6:39  Cyclone  
  76  6:45  SCV  
  77  6:51  Missile Turret  
  77  6:54  Marine, Missile Turret  
  77  6:57  Marine  
  79  7:10  Armory  
Show
View Real Time Build Order
Export as new Build Order

ИИ 1 (эксперт) Protoss 

Build Orders: 1 Gate Expand, Zealot Archon, Colossus Rush 

Get SALT Encoding   

  12  0:00  Probe  
  13  0:13  Probe  
  14  0:20  Pylon  
  14  0:25  Probe  
  15  0:35  Probe  
  16  0:43  Probe  
  17  0:50  Gateway  
  17  0:52  Probe  
  18  1:00  Probe  
  19  1:15  Probe  
  20  1:19  Nexus  
  20  1:27  Probe  
  21  1:35  Pylon  
  21  1:37  Zealot  
  23  1:44  Cybernetics Core  
  23  1:48  Assimilator  
  23  1:53  Probe  
  24  2:02  Probe  
  25  2:10  Probe  
  26  2:19  Probe  
  26  2:20  Pylon  
  27  2:27  Probe  
  27  2:31  Probe  
  27  2:32  Warp Gate, Gateway  
  27  2:36  Probe  
  29  2:38  Assimilator  
  30  2:53  Stalker  
  30  2:54  Probe, Pylon  
  30  2:56  Probe  
  34  3:03  Probe  
  34  3:08  Probe  
  36  3:15  Probe  
  36  3:19  Adept  
  39  3:21  Probe  
  39  3:23  Adept  
  42  3:28  Probe  
  42  3:29  Robotics Facility  
  42  3:33  Probe  
  44  3:36  Probe  
  45  3:45  Probe x2  
  47  3:49  Adept  
  47  3:50  Adept  
  51  3:57  Probe  
  51  4:01  Probe  
  51  4:02  Pylon  
  53  4:09  Probe  
  54  4:13  Probe  
  54  4:15  Gateway  
  55  4:18  Robotics Bay  
  55  4:20  Pylon  
  55  4:27  Adept x2  
  55  4:28  Observer  
  55  4:31  Probe  
  60  4:32  Probe  
  60  4:36  Pylon  
  62  4:50  Robotics Facility  
  62  4:55  Stalker  
  62  4:58  Zealot  
  66  5:00  Pylon  
  66  5:04  Gateway  
  66  5:09  Stalker  
  68  5:19  Zealot x2, Pylon  
  72  5:28  Zealot  
  74  5:37  Colossus  
  74  5:43  Probe  
  74  5:46  Pylon  
  81  6:01  Nexus  
  81  6:02  Assimilator  
  81  6:07  Forge  
  81  6:11  Twilight Council  
  81  6:13  Assimilator  
  81  6:15  Forge  
  81  6:22  Pylon  
  81  6:24  Probe  
  81  6:25  Probe  
  83  6:35  Probe  
  83  6:38  Probe  
  85  6:42  Photon Cannon  
  85  6:43  Probe  
  85  6:44  Pylon  
  85  6:52  Templar Archives  
  86  6:57  Stalker, Warp Prism  
  90  7:04  Photon Cannon  
  90  7:06  Photon Cannon, Sentry  
  92  7:13  Probe  
  92  7:14  Probe x2  
  95  7:23  Stalker  
  95  7:24  Stalker  
  95  7:26  Probe, Assimilator  
  95  7:27  Probe x2, Pylon, Assimilator  
  102  7:31  High Templar x2  
  106  7:38  Photon Cannon, Probe  
  106  7:39  Probe x2, Stalker  
  106  7:42  Stalker  
  113  7:45  Archon  
  113  7:47  Photon Cannon  
  113  7:49  Pylon  
  113  7:50  Probe  
  114  7:51  Probe  
  114  7:52  Probe  
  110  7:59  Zealot  
  110  8:00  High Templar  
  110  8:02  Probe  
  110  8:03  Probe  
  110  8:04  Probe  
  109  8:07  Zealot  
  109  8:09  Zealot  
  109  8:11  Probe  
  95  8:15  Probe  
  95  8:16  High Templar, Probe  
  95  8:19  Probe  
  92  8:23  Photon Cannon  
  92  8:24  Photon Cannon  
  92  8:26  Assimilator  
  87  8:27  Stalker  
  87  8:28  Probe  
  87  8:29  High Templar  
  87  8:32  Zealot  
  78  8:37  Probe  
  74  8:48  High Templar, Assimilator, Probe x2  
  73  8:49  Probe  
  73  8:50  Adept  
  73  8:52  Zealot  
  77  9:01  Photon Cannon, High Templar  
  76  9:03  Probe  
  73  9:10  High Templar, Zealot  
  73  9:11  Probe  
  73  9:12  Zealot, Probe  
  73  9:15  Probe  
  75  9:24  Probe  
  75  9:28  Photon Cannon  
  75  9:30  Zealot  
  78  9:32  Photon Cannon, Adept  
  78  9:33  Photon Cannon, High Templar  
  75  9:39  High Templar  
  77  9:50  High Templar  
  79  9:52  Zealot  
  79  9:55  Cybernetics Core, Warp Prism  
  83  10:02  Zealot  
  83  10:05  Gateway, Zealot  
  85  10:12  Cybernetics Core  
  85  10:13  Nexus  
  85  10:22  Templar Archives  
  85  10:24  Photon Cannon  
  85  10:26  Zealot  
  87  10:40  Zealot  
  87  10:41  Cybernetics Core  
  87  10:42  Zealot  
  79  10:51  Pylon  
  73  11:00  Zealot  
  73  11:01  Zealot  
  74  11:11  Photon Cannon  
  74  11:13  Gateway  
  72  11:21  Twilight Council, Zealot  
  72  11:22  Probe  
  71  11:26  Probe  
  71  11:27  Probe x2  
  71  11:30  Photon Cannon, Probe  
  75  11:36  Sentry  
  75  11:38  Probe, Assimilator  
  79  11:43  Robotics Facility  
  79  11:45  Assimilator  
  79  11:51  Zealot  
  77  11:54  Probe  
  77  12:00  Pylon  
  75  12:03  Pylon  
  75  12:08  Zealot  
  77  12:28  Zealot  
  79  12:41  Probe  
  79  12:42  Zealot  
  79  12:43  Pylon  
  81  12:50  Probe  
  81  12:58  Zealot, Probe  
  83  13:07  Probe  
  83  13:09  Probe  
  82  13:17  Probe  
  83  13:35  Pylon  
  83  13:43  Probe x2  
  83  13:44  Pylon  
  80  13:51  Probe x2  
  80  13:59  Cybernetics Core  
  80  14:01  Probe  
  80  14:02  Probe  
  71  14:13  Probe  
  71  14:14  Probe  
  66  14:25  Probe x2  
  68  14:32  Nexus  
  68  14:33  Probe  
  68  14:34  Probe  
  69  14:41  Probe  
  69  14:42  Probe  
  69  14:43  Pylon  
  69  14:46  Nexus  
  69  14:52  Probe  
  70  14:53  Probe  
  70  14:54  Cybernetics Core  
  71  15:04  Probe  
  71  15:05  Probe  
  73  15:21  Photon Cannon  
  73  15:27  Probe, Pylon  
  68  15:34  Photon Cannon  
  60  15:35  Probe  
  60  15:41  Photon Cannon  
  61  15:43  Probe, Pylon  
  61  15:44  Probe  
  61  15:46  Zealot  
  61  15:48  Photon Cannon  
  63  15:51  Probe, Gravitic Drive  
  63  15:52  Photon Cannon  
  63  15:53  Pylon  
  63  15:56  Probe  
  60  15:57  Probe  
  60  15:59  Gateway, Probe, Protoss Shields Level 1  
  57  16:06  Zealot  
  57  16:08  Probe  
  57  16:09  Probe x2  
  53  16:20  Cybernetics Core, Probe  
  53  16:21  Probe x2  
  51  16:26  Zealot  
  48  16:32  Probe x2  
  48  16:33  Photon Cannon, Probe  
  42  16:41  Probe  
  42  16:45  Probe x2  
  42  16:46  Zealot, Nexus  
  40  16:49  Probe  
  40  16:50  Assimilator  
  34  16:54  Photon Cannon, Probe  
  34  16:57  Probe  
  34  16:58  Assimilator  
  34  17:00  Probe, Adept  
  35  17:02  Photon Cannon, Probe  
  35  17:04  Photon Cannon  
  33  17:09  Probe  
  33  17:11  Probe  
  33  17:12  Probe  
  35  17:17  Zealot  
  35  17:21  Probe  
  37  17:23  Probe  
  35  17:33  Photon Cannon  
  35  17:37  Sentry  
  37  17:41  Twilight Council  
  37  17:43  Stargate  
  35  17:48  Robotics Facility  
  27  17:58  Probe  
  27  17:59  Sentry  
  28  18:06  Pylon  
  28  18:10  Probe  
  24  18:14  Zealot  
  24  18:17  Gateway  
  23  18:22  Probe  
  22  18:27  Nexus  
  22  18:32  Zealot  
  21  18:35  Probe, Pylon  
  21  18:37  Pylon  
  18  18:53  Zealot  
  12  19:23  Probe  
  10  19:32  Probe  
  11  19:42  Probe  
  9  19:54  Probe  
  9  20:02  Probe  
  10  20:10  Probe  
  9  20:20  Probe  
  7  20:32  Nexus  
Tags
 
Add a new tag
Caveats
  • Supply blocks, unpowered buildings, or Contaminate may cause inaccurate times.
  • Supply counts are checked every 10 seconds.